 Dungeon Crawl Stone Soup version 0.28-a0-724-g66f9036eb4 (webtiles) character file.

Game seed: 9397016558478474364

7 ytrimaz the Shield-Bearer (level 2, 0/24 HPs)
             Began as a Formicid Fighter on Oct 26, 2021.
             Constricted to death by a ball python (1 damage)
             ... on level 1 of the Dungeon.
             The game lasted 00:00:16 (55 turns).

ytrimaz the Shield-Bearer (Formicid Fighter)          Turns: 55, Time: 00:00:16

Health: 0/24       AC:  6    Str: 20    XL:     2   Next: 5%
Magic:  2/2        EV:  6    Int:  7    God:
Gold:   0          SH:  4    Dex: 10    Spells: 1/1 levels left

rFire   . . .      SeeInvis +   a - +0 war axe
rCold   . . .      Faith    .   c - +0 buckler
rNeg    . . .      Spirit   .   b - +0 scale mail
rPois   .          Reflect  .   (helmet unavailable)
rElec   .          Harm     .   (no cloak)
rCorr   .          Rampage  .   (no gloves)
Will    .....                   (no boots)
Stlth   ..........              (no amulet)
HPRegen 0.08/turn               (no ring)
MPRegen 0.08/turn               (no ring)

@: constricted
A: permanent stasis, dig shafts and tunnels, antennae 3, four strong arms
a: Dig, Shaft Self


You were on level 1 of the Dungeon.
You visited 1 branch of the dungeon, and saw 1 of its levels.

Inventory:

Hand Weapons
 a - a +0 war axe (weapon)
Armour
 b - a +0 scale mail (worn)
 c - a +0 buckler (worn)
Potions
 d - a potion of might


   Skills:
 + Level 3.5 Fighting
 + Level 2.0 Axes
 + Level 3.4 Armour
 + Level 3.8 Shields


You had one spell level left.
You didn't know any spells.
Your spell library was empty.

Dungeon Overview and Level Annotations

Branches:
Dungeon (1/15)

Altars:


Innate Abilities, Weirdness & Mutations

You cannot be hasted, slowed, berserked, paralysed or teleported.
You can dig through walls and to a lower floor.
You have a pair of large antennae on your head. (SInv)
Your four strong arms can wield two-handed weapons with a shield.


Message History

The goblin shouts!
The bat closely misses you.
Found a There-And-Back Book.
The bat closely misses you. The bat hits you but does no damage.
The bat closely misses you.
The hobgoblin hits you but does no damage.
The bat hits you but does no damage. The goblin hits you with a +0 club.
The hobgoblin hits you.
The quokka bites you but does no damage.
You slash the goblin!
You kill the goblin!
You barely miss the quokka. You barely miss the bat.
You closely miss the hobgoblin. The bat hits you but does no damage.
The bat barely misses you. You block the bat's attack. The hobgoblin hits you.
You block the quokka's attack. The bat barely misses you.
You see here a +0 club.
The bat hits you. The hobgoblin hits you.
The quokka bites you but does no damage.
You barely miss the quokka. You hit the hobgoblin.
You kill the hobgoblin!
The bat hits you but does no damage. The bat barely misses you.
The quokka bites you but does no damage.
The bat hits you but does no damage. You block the quokka's attack.
You have reached level 2!
You barely miss the quokka. You closely miss the bat.
The bat hits you but does no damage.
The quokka bites you but does no damage.
You block the ball python's attack. The ball python grabs you.
The ball python constricts you.
Unknown command.
You closely miss the quokka. You barely miss the ball python.
The quokka bites you.
* * * LOW HITPOINT WARNING * * *
The ball python bites you but does no damage.
The ball python constricts you. The quokka bites you.
* * * LOW HITPOINT WARNING * * *
The ball python bites you.
* * * LOW HITPOINT WARNING * * *
The ball python constricts you.
You die...

#. ##.# ##...#
.#..... ....... #
.#.....######.#
..............#
#.. #)##...##
#.##@#.....#
#...rS..^...
#..#.#.....#
#..#.##...##
#####..#.##.#:#
##........$..#...
#.............# .
{
...##'''''##.....
###.......###...


You could see a quokka and a ball python.

Vanquished Creatures
  An endoplasm (D:1)
  2 goblins (D:1)
  A hobgoblin (D:1)
  A kobold (D:1)
5 creatures vanquished.

Notes
Turn   | Place    | Note
-------+----------+-------------------------------------------
     0 | D:1      | ytrimaz the Formicid Fighter began the quest for the Orb.
     0 | D:1      | Reached XP level 1. HP: 18/18 MP: 1/1
    54 | D:1      | Reached XP level 2. HP: 9/24 MP: 2/2
    55 | D:1      | HP: 1/24 [ball python (3)]
    55 | D:1      | Constricted to death by a ball python

Illustrated notes

Levels and vault maps discovered:
D:1:      lordsloth_arrival_two_stooges, layout_loops_ring

Action                   || total
-------------------------++-------
Melee: War axe           ||     7
 Abil: Dig               ||     3
Armor: Scale mail        ||    12
Dodge: Dodged            ||     7
Block: Buckler           ||     5

Table legend: (Time is in decaauts)
 A = Elapsed time spent in this place.
 B = Non-inter-level travel time spent in this place.
 C = Inter-level travel time spent in this place.
 D = Time resting spent in this place.
 E = Time spent auto-exploring this place.
 F = Levels seen in this place.
 G = Mean time per level.
                   A        B        C        D        E       F      G
               +--------+--------+--------+--------+--------+-----+--------+
         Total |     57 |     57 |      0 |      0 |     14 |   1 |   57.0 |
       Dungeon |     57 |     57 |      0 |      0 |     14 |   1 |   57.0 |
               +--------+--------+--------+--------+--------+-----+--------+

Top non-repeatable levels by time:
     D:1: 57 daAuts
